 Dungeon Crawl Stone Soup version 0.21-b1-23-g1fb0a74 (webtiles) character file.

50 myopia the Sneak (level 3, 0/16 HPs)
             Began as a Spriggan Enchanter on Jan 5, 2018.
             Slain by a giant cockroach (2 damage)
             ... on level 2 of the Dungeon.
             The game lasted 00:06:33 (1614 turns).

myopia the Sneak (Spriggan Enchanter)               Turns: 1614, Time: 00:06:33

Health: 0/16       AC:  2    Str:  4    XL:     3   Next: 55%
Magic:  4/8        EV: 18    Int: 16    God:
Gold:   94         SH:  0    Dex: 17    Spells: 4/7 levels left

rFire    . . .     SeeInvis +   a - +1 dagger
rCold    . . .     Gourm    .   (shield restricted)
rNeg     . . .     Faith    .   b - +0 robe
rPois    .         Spirit   .   (helmet restricted)
rElec    .         Reflect  .   (no cloak)
rCorr    .         Harm     .   (gloves unavailable)
MR       .....                  (boots unavailable)
Stlth    +++.......             (no amulet)
HPRegen  0.05/turn              (no ring)
MPRegen  0.11/turn              (no ring)

@: very quick
A: very small, unfitting armour, see invisible, herbivore, speed 3, slow
metabolism 2
a: no special abilities


You were on level 2 of the Dungeon.
You were not hungry.

You visited 1 branch of the dungeon, and saw 2 of its levels.

You collected 94 gold pieces.

Inventory:

Hand Weapons
 a - a +1 dagger (weapon)
Missiles
 m - 18 poisoned needles
Armour
 b - a +0 robe (worn)
Scrolls
 e - 3 scrolls of teleportation
 f - a scroll of enchant weapon {unknown}
 i - a scroll of identify
 j - a scroll of noise
 l - a scroll of remove curse {unknown}
 o - a scroll of random uselessness {unknown}
 r - a scroll of magic mapping {unknown}
 s - a scroll of enchant armour {unknown}
Potions
 g - 3 potions of curing
 h - a potion of berserk rage
 k - a potion of invisibility {unknown}
 n - a potion of lignification
 p - a potion of ambrosia {unknown}
 q - a potion of flight {unknown}
 t - a potion of mutation {unknown}
Books
 c - a book of Maledictions

   Spells                             Type                      Level
   a - Corona                         Hexes                        1
   b - Ensorcelled Hibernation        Hexes/Ice                    2
   c - Confuse                        Hexes                        3
   d - Tukima's Dance                 Hexes                        3
   e - Dazzling Spray                 Conjuration/Hexes            3
Comestibles
 d - 7 rations


   Skills:
 + Level 3.9 Short Blades
 - Level 3.0 Dodging
 - Level 4.4 Stealth
 - Level 2.6 Spellcasting
 - Level 3.6 Hexes


You had 4 spell levels left.
You knew the following spells:

 Your Spells              Type           Power        Failure   Level  Hunger
a - Corona                Hex            ##.....      4%          1    #......
b - Ensorcelled Hibernat  Hex/Ice        #.....       14%         2    ##.....


Dungeon Overview and Level Annotations

Branches:
Dungeon (2/15)

Altars:


Innate Abilities, Weirdness & Mutations

You are very small and have problems with some larger weapons.
You are too small for most types of armour.
You have supernaturally acute eyesight. (SInv)
You are a herbivore.
You cover ground extremely quickly.
You need consume almost no food.


Message History

You kill the goblin!
You barely miss the goblin. The goblin hits you with a dagger.
* * * LOW HITPOINT WARNING * * *
You hit the goblin.
You kill the goblin!
You closely miss the frilled lizard.
The frilled lizard bites you but does no damage.
You hit the frilled lizard.
You kill the frilled lizard!
The giant cockroach bites you.
* * * LOW HITPOINT WARNING * * *
The giant cockroach misses you.
You hit the giant cockroach.
The giant cockroach is heavily wounded.
The giant cockroach closely misses you.
The giant cockroach completely misses you.
You barely miss the giant cockroach.
The giant cockroach is heavily wounded.
The giant cockroach bites you.
You die...

#.......#..######..#..####......
#......##.##....##.##...........
#.###')#.)#..$$..#†.#.##########
##.##...#..#.)##$.#..#.#.........
....'...#.)#.(##[.#..#...........
#####...#..#..$$..#..#...##......
#...##.##....##.##...##.####.
#....#.....###..#....##.# #.
#....##....s@.(##....##.# #.
#.....###....###.....##.# #.
#.......######.......##.# #.
#....................##.# #.
#.........##.........##.# #.
##+###############....#.# ..
######.#################..#.# .
.......................#..#.##+#.
.......8...#########......#......


You could see a giant cockroach.

Vanquished Creatures
  2 adders (D:2)
  A worm (D:2)
  A dart slug (D:1)
  A ball python (D:1)
  A giant cockroach (D:2)
  5 hobgoblins
  3 kobolds
  A quokka (D:2)
  4 bats
  A frilled lizard (D:2)
  3 goblins
  7 rats
30 creatures vanquished.

Notes
Turn   | Place    | Note
-------+----------+-------------------------------------------
     0 | D:1      | myopia the Spriggan Enchanter began the quest for the Orb.
     0 | D:1      | Reached XP level 1. HP: 9/9 MP: 5/5
   229 | D:1      | Reached XP level 2. HP: 13/13 MP: 6/6
   728 | D:2      | Learned a level 2 spell: Ensorcelled Hibernation
   986 | D:2      | Found a faded altar of an unknown god.
  1184 | D:2      | Reached XP level 3. HP: 8/16 MP: 5/8
  1614 | D:2      | Slain by a giant cockroach

Skill      XL: |  1  2 |
---------------+-------+-----
Short Blades   | 2 3 |  3.9
Dodging        | |  3.0
Stealth        | |  4.4
Spellcasting   | |  2.6
Hexes          | |  3.6

Action                   || total
-------------------------++-------
Melee: Dagger            ||   115
 Cast: Ensorcelled Hiber ||     8
  Use: Scroll            ||     3
       Potion            ||     2
 Stab: Sleeping          ||     9
Armor: Robe              ||     7
Dodge: Dodged            ||    99
